 Dungeon Crawl Stone Soup version 0.26-a0-1021-gda264ca44c (webtiles) character file.

Game seed: 4030199694791418712

56 runemasterragnar the Skirmisher (level 3, -4/40 HPs)
             Began as an Ogre Fighter on Dec 9, 2020.
             Slain by a gnoll
             ... wielding a +0 spear
              (5 damage)
             ... on level 2 of the Dungeon.
             The game lasted 00:01:07 (1064 turns).

runemasterragnar the Skirmisher (Ogre Fighter)      Turns: 1064, Time: 00:01:08

Health: -4/40      AC:  3    Str: 20    XL:     3   Next: 97%
Magic:  3/3        EV:  8    Int:  9    God:
Gold:   40         SH:  8    Dex:  9    Spells: 2/2 levels left

rFire    . . .     SeeInvis .   a - +0 flail
rCold    . . .     Faith    .   c - +0 kite shield
rNeg     . . .     Spirit   .   b - +0 robe
rPois    .         Reflect  .   (helmet restricted)
rElec    .         Harm     .   (no cloak)
rCorr    .         Rampage  .   (gloves unavailable)
Will     .....                  (boots unavailable)
Stlth    +.........             (no amulet)
HPRegen  0.13/turn              (no ring)
MPRegen  0.08/turn              (no ring)

@: no status effects
A: large, unfitting armour, tough skin 1
a: no special abilities


You were on level 2 of the Dungeon.
You visited 1 branch of the dungeon, and saw 2 of its levels.

You collected 40 gold pieces.

Inventory:

Hand Weapons
 a - a +0 flail (weapon)
Missiles
 i - 12 poisoned darts (quivered)
Armour
 b - a +0 robe (worn)
 c - a +0 kite shield (worn)
Jewellery
 e - a cursed amulet of inaccuracy {unknown}
Scrolls
 h - a scroll of immolation {unknown}
 j - a scroll of enchant weapon {unknown}
 k - a scroll of identify {unknown}
 l - 2 scrolls of remove curse {unknown}
 m - a scroll of amnesia {unknown}
Potions
 d - a potion of might
 f - a potion of curing {unknown}
 g - a potion of haste {unknown}


   Skills:
 + Level 4.5 Fighting
 * Level 2.8 Maces & Flails
 + Level 0.9 Throwing
 + Level 3.1 Dodging
 - Level 2.6 Shields


You had 2 spell levels left.
You didn't know any spells.
Your spell library was empty.

Dungeon Overview and Level Annotations

Branches:
Dungeon (2/15)

Altars:


Innate Abilities, Weirdness & Mutations

You are too large for most types of armour.
You have tough skin. (AC +1)


Message History

The gnoll is heavily wounded.
The gnoll hits you with a +0 club!
You thump the gnoll!
You kill the gnoll!
You sock the gnoll!
You kill the gnoll!
You closely miss the gnoll.
The gnoll hits you with a cursed +0 club.
The gnoll misses you.
You barely miss the gnoll.
The gnoll hits you with a cursed +0 club.
* * * LOW HITPOINT WARNING * * *
The gnoll hits you from afar with a +0 spear.
* * * LOW HITPOINT WARNING * * *
You hit the gnoll.
The gnoll is lightly wounded.
The gnoll hits you with a cursed +0 club.
* * * LOW HITPOINT WARNING * * *
The gnoll hits you from afar with a +0 spear.
You die...

..........$...##.#
.............g##.#
##............##.#
##...........g#.####.####
+..............†........
#............#.####[.###
.............#g# #
............#g#
..........#@#
.........#.###
........#...# #.#
###########.# ##.# #.#
.#.### #.# .#.#.. #.#
.#.#.## #.# .#.#..# #.#


You could see 2 gnolls.

Vanquished Creatures
  An adder (D:2)
  2 gnolls (D:2)
  A worm (D:2)
  2 dart slugs
  A giant cockroach (D:1)
  A goblin (D:1)
  3 hobgoblins (D:1)
  2 jackals (D:1)
  A kobold (D:1)
  2 bats (D:1)
  3 frilled lizards
  5 rats
24 creatures vanquished.

Notes
Turn   | Place    | Note
-------+----------+-------------------------------------------
     0 | D:1      | runemasterragnar the Ogre Fighter began the quest for the
                  | Orb.
     0 | D:1      | Reached XP level 1. HP: 24/24 MP: 1/1
   246 | D:1      | Reached XP level 2. HP: 32/32 MP: 2/2
   941 | D:2      | Reached XP level 3. HP: 30/40 MP: 3/3
  1064 | D:2      | HP: 1/40 [gnoll/cursed +0 club (4)]
  1064 | D:2      | Slain by a gnoll

Illustrated notes

Levels and vault maps discovered:
D:1:      dpeg_arrival_tiny_f, layout_basic
D:2:      layout_basic, overflow_temple_1_default

Skill      XL: |  1  2 |
---------------+-------+-----
Maces & Flails | 2 |  2.8
Dodging        | 3 |  3.1
Fighting       | |  4.5
Throwing       | |  0.9
Shields        | |  2.6

Action                   || total
-------------------------++-------
Melee: Flail             ||    87
Armor: Robe              ||    24
Dodge: Dodged            ||    24
Block: Kite shield       ||    41

Table legend: (Time is in decaauts)
 A = Elapsed time spent in this place.
 B = Non-inter-level travel time spent in this place.
 C = Inter-level travel time spent in this place.
 D = Time resting spent in this place.
 E = Time spent auto-exploring this place.
 F = Levels seen in this place.
 G = Mean time per level.
                   A        B        C        D        E       F      G
               +--------+--------+--------+--------+--------+-----+--------+
         Total |   1095 |   1048 |     47 |      0 |    828 |   2 |  547.5 |
       Dungeon |   1095 |   1048 |     47 |      0 |    828 |   2 |  547.5 |
               +--------+--------+--------+--------+--------+-----+--------+

Top non-repeatable levels by time:
     D:1: 843 daAuts
     D:2: 252 daAuts
